 Dungeon Sprint DCSS version 0.18.1-50-g88ac8fd (webtiles) character file.

2345 potatolord6000 the Nimble (level 9, -12/64 (67) HPs)
             Began as a High Elf Summoner on Sept 7, 2017.
             Was a High Priest of Sif Muna.
             Mangled by a death cob (22 damage)
             ... in the Dungeon (Sprint V: "Ziggurat Sprint").
             The game lasted 00:17:40 (864 turns).

potatolord6000 the Nimble (High Elf Summoner)        Turns: 864, Time: 00:17:40

HP:   -12/64 (67)   AC:  5    Str:  7    XL:     9   Next: 20%
MP:   7/24          EV: 20    Int: 34    God:    Sif Muna [*****.]
Gold: 0             SH:  0    Dex: 17    Spells: 5 memorised, 4 levels left

rFire  . . .     SeeInvis .     j - staff of energy
rCold  . . .     Gourm    .     z - +3 robe of Clouds {+Fly rElec}
rNeg   . . .     Faith    .     (no shield)
rPois  .         Spirit   .     (no helmet)
rElec  +         Dismiss  .     (no cloak)
rCorr  .         Reflect  .     (no gloves)
SustAt .         Harm     .     (no boots)
MR     .....     NoTele   +     (no amulet)
Stlth  ++........               n - +6 ring of intelligence
                                m - +6 ring of intelligence

@: very slightly contaminated, slowed, studying Dodging, very slow, not
resistant to hostile enchantments, unstealthy
A: no striking features
a: Channel Energy, Forget Spell, Renounce Religion, Evoke Flight


You were in the Dungeon.
You worshipped Sif Muna.
Sif Muna was extremely pleased with you.
You were full.

You visited 1 branch

Inventory:

Armour
 z - the +3 robe of Clouds (worn) {+Fly rElec}
   (You found it in the Dungeon)

   It insulates you from electricity.
   It lets you fly.
Magical Staves
 j - an uncursed staff of energy (weapon)
Jewellery
 m - a +6 ring of intelligence (left hand)
 n - a +6 ring of intelligence (right hand)
Wands
 C - a wand of disintegration (1/24)
 D - a wand of iceblast (11/15)
 E - a wand of lightning (3/15)
 F - a wand of acid (7/15)
Scrolls
 o - 3 scrolls of amnesia
 q - 7 scrolls of fog
 r - a scroll of holy word
 s - 5 scrolls of identify
 t - 5 scrolls of remove curse
 u - a scroll of fear
Potions
 d - 9 potions of curing
 e - 8 potions of heal wounds
 f - 6 potions of haste
 g - 6 potions of magic
 h - 3 potions of berserk rage
 v - 2 potions of brilliance
 w - a potion of invisibility
 x - 4 potions of resistance
 A - 5 potions of agility
 B - 5 potions of might
Books
 a - a book of Power

   Spells                             Type                      Level
   a - Fulminant Prism                Conjuration/Hexes            4
   b - Iskenderun's Mystic Blast      Conjuration                  4
   c - Venom Bolt                     Conjuration/Poison           5
   d - Bolt of Magma                  Conjuration/Fire/Earth       5
   e - Iron Shot                      Conjuration/Earth            6
   f - Orb of Destruction             Conjuration                  7
   g - Spellforged Servitor           Conjuration/Summoning        7
 b - a book of Callings

   Spells                             Type                      Level
   a - Summon Small Mammal            Summoning                    1
   b - Call Imp                       Summoning                    2
   c - Call Canine Familiar           Summoning                    3
   d - Summon Guardian Golem          Hexes/Summoning              3
   e - Summon Lightning Spire         Summoning/Air                4
   f - Summon Ice Beast               Ice/Summoning                4
 p - a manual of Dodging
Comestibles
 c - 5 bread rations
 k - 42 fruits
 l - 2 meat rations


   Skills:
 + Level 8.7 Fighting
 + Level 8.6 Staves
 + Level 10.2 Dodging
 - Level 2.1 Stealth
 + Level 10.0 Spellcasting
 + Level 4.9 Conjurations
 + Level 8.9 Summonings
 - Level 7.1 Evocations


You had 4 spell levels left.
You knew the following spells:

 Your Spells              Type           Power        Failure   Level  Hunger
a - Spellforged Servitor  Conj/Summ      ######....   98%         7    None
b - Call Canine Familiar  Summ           ######..     1%          3    None
c - Summon Guardian Gole  Hex/Summ       #####...     1%          3    None
d - Summon Ice Beast      Ice/Summ       #####...     6%          4    None
e - Orb of Destruction    Conj           ######....   100%        7    None


Dungeon Overview and Level Annotations

Branches:
Dungeon (1/1)

Altars:
Ashenzari
Cheibriados
Dithmenos
Elyvilon
Fedhas
Gozag
Kikubaaqudgha
Makhleb
Nemelex Xobeh
Okawaru
Pakellas
Qazlal
Ru
Sif Muna
Trog
Vehumet
Xom
Yredelemnul
Zin
The Shining One
Beogh
Jiyva
Lugonu


Message History

Unknown command.
Read which item? (? for menu, Esc to quit)
As you read the scroll of fear, it crumbles to dust.
You assume a fearsome visage.
The death cob is unaffected.
The green draconian looks frightened!
The red draconian looks frightened!
The draconian looks frightened! x2; The death cob hits you.
* * * LOW HITPOINT WARNING * * *
The death cob drains your vigour!
You feel as though you will be slow longer.
The death cob closely misses you. x2
The green draconian gives up.
The death cob closely misses you.
Your ice beast hits the red draconian but does no damage.
The green draconian is engulfed in roaring flames.
Unknown command.
The death cob completely misses you. The death cob barely misses you.
Your ice beast hits the red draconian.
Your ice beast freezes the red draconian!
The death cob hits you!!
You die...

▓.§.):...▓..}=)≈..▓
▓...=....▓..§h:§..▓
▓..§≈§...▓.≈.§....▓
▓...≈....▓..).....▓
▓.▓§≈..▓.▓.▓)†..▓.▓
▓........▓........▓
▓▓▓▓▓▓▓▓▓▓▓▓▓▓▓▓▓▓▓
▓..8©8.§▓ ▓..|):@.▓
▓..|}§z.▓ ▓.......▓
▓...§§§.▓ ▓.d..§Y.▓
▓....§§d▓ ▓d▓d..▓.▓
▓.......▓ ▓▓▓▓▓▓▓▓▓


You could see a green draconian (fleeing), a red draconian (fleeing), a death
cob, 2 draconians and a friendly ice beast.

Vanquished Creatures
  A mummy priest (D)
  An ugly thing (D)
  A toenail golem (D)
  A wyvern (shapeshifter) (D)
4 creatures vanquished.

Vanquished Creatures (collateral kills)
  3 toenail golems (D)
  2 spriggans (D)
  2 black bears (D)
  A necrophage (D)
  A wolf (D)
  A phantom (D)
  A wight (D)
  A mummy (D)
  A bat zombie (D)
  A giant cockroach zombie (D)
14 creatures vanquished.

Vanquished Creatures (others)
  2 death oozes (D)
  Harold (D)
  Sonja (D)
  A draconian (D)
  Joseph (D)
  Blork the orc (D)
  Dowan (D)
  Jessica (D)
9 creatures vanquished.

Grand Total: 27 creatures vanquished

Notes
Turn   | Place    | Note
--------------------------------------------------------------
     0 | D        | potatolord6000 the High Elf Summoner began the quest for the Orb.
     0 | D        | Reached XP level 1. HP: 11/11 MP: 4/4
     0 | D        | Found a viscous altar of Jiyva.
     0 | D        | Found a roughly hewn altar of Beogh.
     0 | D        | Found a corrupted altar of Lugonu.
     0 | D        | Found a white marble altar of Elyvilon.
     0 | D        | Found a sparkling altar of Nemelex Xobeh.
     3 | D        | Found a burning altar of Makhleb.
     3 | D        | Found a deep blue altar of Sif Muna.
     3 | D        | Found a bloodstained altar of Trog.
     3 | D        | Found an iron altar of Okawaru.
     3 | D        | Found a radiant altar of Vehumet.
    18 | D        | Found a shimmering altar of Xom.
    48 | D        | Became a worshipper of Sif Muna the Loreminder
    70 | D        | Reached * piety under Sif Muna
    70 | D        | Reached XP level 2. HP: 20/20 MP: 5/8
    74 | D        | Entered arena 1.
    74 | D        | Noticed a naga
    74 | D        | Noticed a purple ugly thing
    79 | D        | Noticed a scorpion
    79 | D        | a naga changed into a scorpion
    82 | D        | Noticed a wyvern
    82 | D        | a scorpion changed into a wyvern
    84 | D        | Killed a wyvern
    84 | D        | Reached skill level 5 in Dodging
    84 | D        | Reached skill level 5 in Spellcasting
    84 | D        | Reached skill level 5 in Summonings
    84 | D        | Reached XP level 3. HP: 27/27 MP: 7/11
    84 | D        | Reached XP level 4. HP: 34/34 MP: 7/12
    84 | D        | Reached XP level 5. HP: 38/38 MP: 8/14
   105 | D        | Killed a green ugly thing
   105 | D        | Reached ** piety under Sif Muna
   105 | D        | Reached skill level 5 in Evocations
   105 | D        | Reached XP level 6. HP: 28/46 MP: 9/17
   229 | D        | Learned a level 3 spell: Call Canine Familiar
   233 | D        | Learned a level 3 spell: Summon Guardian Golem
   238 | D        | Learned a level 4 spell: Summon Ice Beast
   283 | D        | Entered arena 2.
   283 | D        | Noticed a mummy priest
   296 | D        | Killed a mummy priest
   296 | D        | Reached *** piety under Sif Muna
   296 | D        | Reached XP level 7. HP: 28/51 MP: 6/19
   430 | D        | Entered arena 3.
   453 | D        | Reached XP level 8. HP: 44/57 MP: 2/21
   474 | D        | Learned a level 7 spell: Spellforged Servitor
   491 | D        | Killed Jessica
   518 | D        | Killed Sonja
   551 | D        | Killed Joseph
   563 | D        | Entered arena 4.
   563 | D        | Noticed a toenail golem
   563 | D        | Noticed a toenail golem
   563 | D        | Noticed a toenail golem
   563 | D        | Noticed a toenail golem
   570 | D        | Killed a toenail golem
   571 | D        | Killed a toenail golem
   571 | D        | Reached **** piety under Sif Muna
   571 | D        | Killed a toenail golem
   576 | D        | Killed Dowan
   580 | D        | Killed a toenail golem
   580 | D        | Reached ***** piety under Sif Muna
   580 | D        | Reached XP level 9. HP: 36/64 MP: 6/23
   587 | D        | Killed Harold
   619 | D        | Killed Blork the orc
   721 | D        | Entered arena 5.
   739 | D        | Reached skill level 10 in Dodging
   745 | D        | Identified Decvoawu's Guide on the Blaze and Battle Magic (You found it in the Dungeon)
   760 | D        | Killed a death ooze
   833 | D        | Killed a death ooze
   854 | D        | Learned a level 7 spell: Orb of Destruction
   854 | D        | Entered arena 6.
   854 | D        | Noticed a death cob
   854 | D        | Noticed a green draconian
   854 | D        | Noticed a red draconian
   854 | D        | Noticed a draconian
   854 | D        | Noticed a draconian
   854 | D        | Noticed a draconian
   862 | D        | Killed a draconian
   862 | D        | Reached skill level 10 in Spellcasting
   864 | D        | Mangled by a death cob

Skill      XL: |  1  2  3  4  5  6  7  8  9 |
---------------+----------------------------+-----
Fighting       | 2 4 6 7 8 |  8.7
Staves         | 2 4 6 7 8 |  8.6
Dodging        | 3 5 7 8 9 10 | 10.2
Spellcasting   | 4 5 7 8 9 10 | 10.0
Summonings     | 4 5 6 7 8 |  8.9
Evocations     | 2 4 5 6 7 |  7.1
Conjurations   | 4 |  4.9
Stealth        | |  2.1

Action                   |  1- 3 |  4- 6 |  7- 9 || total
-------------------------+-------+-------+-------++-------
Melee: Quarterstaff      |       |     2 |       ||     2
       Staff             |       |       |    16 ||    16
 Cast: Summon Small Mamm |       |     3 |       ||     3
       Summon Ice Beast  |       |     6 |    12 ||    18
       Call Canine Famil |       |     2 |     4 ||     6
       Summon Guardian G |       |     2 |     4 ||     6
 Abil: Evoke Flight      |       |     1 |       ||     1
Evoke: Wand              |     3 |    16 |     4 ||    23
       Staff of energy   |       |       |     1 ||     1
  Use: Potion            |     2 |     4 |       ||     6
       Scroll            |     1 |     5 |     3 ||     9
  Eat: Meat ration       |       |     1 |     1 ||     2
Armor: Robe              |       |     2 |     5 ||     7
Dodge: Dodged            |     1 |    12 |    26 ||    39
